Workbook
Name ___sub1: #REF!
Name ___sub2: #REF!
Name ___sub3: #REF!
Name _sub1: #REF!
Name _sub2: #REF!
Name _sub3: #REF!
Name a: #REF!
Name AREA: #REF!
Name B: #REF!
Name BDI: #REF!
Name DOLAR: [1]INSUMOS!$G$8
Name ersdcefgbrnghrbgbrgfbgfwbvbfgvwfv: #REF!
Name Excel_BuiltIn_Print_Area_2: #REF!
Name Excel_BuiltIn_Print_Area_2_1: #REF!
Name Excel_BuiltIn_Print_Area_2_1_1: #REF!
Name Excel_BuiltIn_Print_Area_2_1_1_1: #REF!
Name Excel_BuiltIn_Print_Area_4: #REF!
Name leosde: #REF!
Name NCOMPOSICOES: 7
Name NCOTACOES: 15
Name obra: #REF!
Name obra1: #REF!
Name obra2: #REF!
Name obra3: #REF!
Name obra4: #REF!
Name obra5: #REF!
Name P.1: #REF!
Name P.10: #REF!
Name P.11: #REF!
Name P.12: #REF!
Name P.13: #REF!
Name P.14: #REF!
Name P.15: #REF!
Name P.2: #REF!
Name P.3: #REF!
Name P.4: #REF!
Name P.5: #REF!
Name P.6: #REF!
Name P.7: #REF!
Name P.8: #REF!
Name P.9: #REF!
Name Pedreiro_de_acabamento: [1]INSUMOS!$B$11
Name PP1.1: #REF!
Name PP1.10: #REF!
Name PP1.11: #REF!
Name PP1.12: #REF!
Name PP1.13: #REF!
Name PP1.14: #REF!
Name PP1.15: #REF!
Name PP1.2: #REF!
Name PP1.3: #REF!
Name PP1.4: #REF!
Name PP1.5: #REF!
Name PP1.6: #REF!
Name PP1.7: #REF!
Name PP1.8: #REF!
Name PP1.9: #REF!
Name T.1: #REF!
Name T.10: #REF!
Name T.11: #REF!

Sheet Planilha Orcamentária
A2: PLANILHA ORÇAMENTÁRIA DE CUSTOS
A3: PREFEITURA MUNICIPAL DE INHAPIM-MG | E3: FOLHA N º: | G3: 01/01.
A4: OBRA: CONSTRUÇÃO DE PRAÇA, PARQUINHO E CALÇAMENTO DE RUAS NO NOVO HORIZONTE | E4: DATA: | G4: 20//08/2025
A5: LOCAL: NOVO HORIZONTE - INHAPIM/MG - CEP: 35330-000 | E5: FORMA DE EXECUÇÃO:
A6: REGIÃO/MÊS DE REFERÊNCIA: SINAPI 04/2025 - SEM DESONERAÇÃO - SICOR 04/2025 - | E6: ( ) | F6: DIRETA | G6: ( X ) | H6: INDIRETA
A7: COMPOSIÇÃO/DEMONSTRATIVO DE BDI - EM ANEXO | E7: % ISS MUNICIPAL: | F7: 0.05 | G7: BDI: | H7: =BDI!D28 -> 0.2443
A9: ITEM | B9: CÓDIGO | C9: DESCRIÇÃO | D9: UNIDADE | E9: QUANTIDADE | F9: PREÇO UNITÁRIO S/ BDI | G9: PREÇO UNITÁRIO C/ BDI | H9: PREÇO TOTAL
A10: 1 | C10: SERVIÇOS PRELIMINARES | H10: =H11 -> 1438.65
A11: 1.1 | B11: SINAPI-103689 | C11: FORNECIMENTO E COLOCAÇÃO DE PLACA DE OBRA EM CHAPA GALVANIZADA #26, ESP. 0,45MM, DIMENSÃO (3X1,5)M, PLOTADA COM ADESIVO VINÍLICO, AFIXADA COM REBITES 4,8X40MM, EM ESTRUTURA METÁLICA DE METALON 20X20MM, ESP. 1,25MM, INCLUSIVE SUPORTE EM EUCALIPTO AUTOCLAVADO PINTADO COM TINTA PVA DUAS (2) DEMÃOS | D11: M² | E11: 1 | F11: 1156.19 | G11: =ROUND(F11+(F11*$H$7),2) -> 1438.65 | H11: =E11*G11 -> 1438.65
A12: 2.0 | C12: CALÇAMENTO DE VIA | H12: =SUM(H13:H18) -> 104933.31
A13: 2.1 | B13: ED-51124 | C13: ='Memória de Cálculo'!C11 -> REGULARIZAÇÃO E COMPACTAÇÃO MECÂNICA DE TERRENO COM ROLO VIBRATÓRIO, EXCLUSIVE DESMATAMENTO, DESTOCAMENTO, LIMPEZA/ROÇADA DO TERRENO | D13: M2 | E13: ='Memória de Cálculo'!E11 -> 639.59 | F13: 2.87 | G13: =ROUND(F13+(F13*$H$7),2) -> 3.57 | H13: =E13*G13 -> 2283.3363
A14: 2.2 | B14: SINAPI-94273 | C14: ASSENTAMENTO DE GUIA (MEIO-FIO) EM TRECHO RETO, CONFECCIONADA EM CONCRETO PRÉ-FABRICADO, DIMENSÕES 100X15X13X30 CM (COMPRIMENTO X BASE INFERIOR X BASE SUPERIOR X ALTURA), PARA VIAS URBANAS (USO VIÁRIO). AF_06/2016 | D14: M | E14: ='Memória de Cálculo'!E12 -> 191.73 | F14: 64.36 | G14: =ROUND(F14+(F14*$H$7),2) -> 80.08 | H14: =E14*G14 -> 15353.738
A15: 2.3 | B15: SINAPI-92394 | C15: EXECUÇÃO DE PAVIMENTO EM PISO INTERTRAVADO, COM BLOCO SEXTAVADO DE 25 X 25 CM, ESPESSURA 8 CM. AF_10/2022 | D15: M² | E15: ='Memória de Cálculo'!E13 -> 549.73 | F15: 101.61 | G15: =ROUND(F15+(F15*$H$7),2) -> 126.43 | H15: =E15*G15 -> 69502.364
A16: 2.4 | B16: SINAPI-94287 | C16: EXECUÇÃO DE SARJETA DE CONCRETO USINADO, MOLDADA IN LOCO EM TRECHO RETO, 30 CM BASE X 10 CM ALTURA. AF_06/2016 | D16: M | E16: ='Memória de Cálculo'!E14 -> 191.73 | F16: 35.36 | G16: =ROUND(F16+(F16*$H$7),2) -> 44 | H16: =E16*G16 -> 8436.12
A17: 2.5 | B17: SINAPI-95429 | C17: TRANSPORTE COM CAMINHÃO BASCULANTE DE 18 M³, EM VIA URBANA EM REVESTIMENTO PRIMÁRIO. AF_07/2020 | D17: TXKM | E17: ='Memória de Cálculo'!E15 -> 5477.94 | F17: 1.37 | G17: =ROUND(F17+(F17*$H$7),2) -> 1.7 | H17: =E17*G17 -> 9312.498
A18: 2.6 | B18: COMPOSIÇÃO-001 | C18: VIGA EM CONCRETO ARMADO (1,0M) | D18: M | E18: ='Memória de Cálculo'!E16 -> 26.62 | F18: 1.37 | G18: =ROUND(F18+(F18*$H$7),2) -> 1.7 | H18: =E18*G18 -> 45.254
A19: 3.0 | C19: PRAÇA NOVO HORIZONTE | G19: =ROUND(F19+(F19*$H$7),2) -> 0 | H19: =SUM(H20:H27) -> 108847.7
A20: 3.1 | B20: ED-51124 | C20: REGULARIZAÇÃO E COMPACTAÇÃO MECÂNICA DE TERRENO COM ROLO VIBRATÓRIO, EXCLUSIVE DESMATAMENTO, DESTOCAMENTO, LIMPEZA/ROÇADA DO TERRENO | D20: M2 | E20: ='Memória de Cálculo'!E18 -> 383.64 | F20: 2.87 | G20: =ROUND(F20+(F20*$H$7),2) -> 3.57 | H20: =ROUND((E20*G20),2) -> 1369.59
A21: 3.2 | B21: SINAPI-94273 | C21: ASSENTAMENTO DE GUIA (MEIO-FIO) EM TRECHO RETO, CONFECCIONADA EM CONCRETO PRÉ-FABRICADO, DIMENSÕES 100X15X13X30 CM (COMPRIMENTO X BASE INFERIOR X BASE SUPERIOR X ALTURA), PARA VIAS URBANAS (USO VIÁRIO). AF_06/2016 | D21: M | E21: ='Memória de Cálculo'!E19 -> 123.85 | F21: 64.36 | G21: =ROUND(F21+(F21*$H$7),2) -> 80.08 | H21: =ROUND((E21*G21),2) -> 9917.91
A22: 3.3 | B22: SINAPI-92396 | C22: EXECUÇÃO DE PASSEIO EM PISO INTERTRAVADO, COM BLOCO RETANGULAR COR NATURAL DE 20 X 10 CM, ESPESSURA 6 CM. AF_10/2022 | D22: M² | E22: ='Memória de Cálculo'!E20 -> 113.05 | F22: 35.36 | G22: =ROUND(F22+(F22*$H$7),2) -> 44 | H22: =ROUND((E22*G22),2) -> 4974.2
A23: 3.4 | B23: SINAPI-92396 | C23: EXECUÇÃO DE PASSEIO (CALÇADA) OU PISO DE CONCRETO COM CONCRETO MOLDADO IN LOCO, FEITO EM OBRA, ACABAMENTO CONVENCIONAL, ESPESSURA 8CM, ARMADO . AF _ 08/2022 | D23: M² | E23: ='Memória de Cálculo'!E21 -> 217.85 | F23: 104.19 | G23: =ROUND(F23+(F23*$H$7),2) -> 129.64 | H23: =ROUND((E23*G23),2) -> 28242.07
A24: 3.5 | B24: SINAPI - 101091 | C24: PISO EM LADRILHO HIDRÁULICO APLICADO EM AMBIENTES EXTERNOS. AF_05/2020 | D24: M | E24: ='Memória de Cálculo'!E22 -> 217.85 | F24: 167.76 | G24: =ROUND(F24+(F24*$H$7),2) -> 208.74 | H24: =ROUND((E24*G24),2) -> 45474.01
A25: 3.6 | B25: SINAPI-94990 | C25: EXECUÇÃO DE PASSEIO (CALÇADA) OU PISO DE CONCRETO COM CONCRETO MOLDADO IN LOCO, FEITO EM OBRA, ACABAMENTO CONVENCIONAL, NÃO ARMADO. AF_08/2022 | D25: M³ | E25: ='Memória de Cálculo'!E23 -> 11.08 | F25: 861.65 | G25: =ROUND(F25+(F25*$H$7),2) -> 1072.15 | H25: =ROUND((E25*G25),2) -> 11879.42
A26: 3.7 | B26: SINAPI-95429 | C26: TRANSPORTE COM CAMINHÃO BASCULANTE DE 18 M³, EM VIA URBANA EM REVESTIMENTO PRIMÁRIO. AF_07/2020 | D26: TXKM | E26: ='Memória de Cálculo'!E24 -> 3060.35 | F26: 1.37 | G26: =ROUND(F26+(F26*$H$7),2) -> 1.7 | H26: =ROUND((E26*G26),2) -> 5202.6
A27: 3.8 | B27: ED-50437 | C27: PLANTIO DE GRAMA ESMERALDA EM PLACAS, INCLUSIVE TERRAVEGETAL E CONSERVAÇÃO POR TRINTA (30) DIAS | D27: M² | E27: 41.12 | F27: 34.94 | G27: =ROUND(F27+(F27*$H$7),2) -> 43.48 | H27: =ROUND((E27*G27),2) -> 1787.9
C28: TOTAL | H28: =SUM(H10,H12,H19) -> 215219.66
C31: ='Memória de Cálculo'!C29 -> Sebastião Barbosa Pinto Filho
C32: ='Memória de Cálculo'!C30 -> CREA/MG Nº: MG 249.547/D
C35: Prefeito Municipal de Inhapim-MG
C36: ='Memória de Cálculo'!C35 -> Sandro Adriano Oliveira Silva

Sheet COMPOSIÇÃO
A4: ='Planilha Orcamentária'!A4 -> OBRA: CONSTRUÇÃO DE PRAÇA, PARQUINHO E CALÇAMENTO DE RUAS NO NOVO HORIZONTE
A5: ='Planilha Orcamentária'!A5 -> LOCAL: NOVO HORIZONTE - INHAPIM/MG - CEP: 35330-000
A6: MUNICIPIO: INHAPIM/MG - CEP: 35330-000
A7: DATA: | B7: 45889
A9: QUADRO DE COMPOSIÇÕES
A11: COMPOSIÇÃO | B11: 1 | C11: VIGA EM CONCRETO ARMADO (1,0M) | D11: M | F11: 0 | G11: =((G12*E12)+(G13*E13)+(G14*E14)+(G15*E15)+(G16*E16)) -> 121.29719
A12: SINAPI | B12: 94970 | C12: CONCRETO FCK = 20MPA, TRAÇO 1:2,7:3 (EM MASSA SECA DE CIMENTO/ AREIA MÉDIA/ BRITA 1) - PREPARO MECÂNICO COM BETONEIRA 600 L. AF_05/2021 | D12: M3 | E12: 0.063 | F12: 0 | G12: 532.08
A13: SINAPI | B13: 93358 | C13: ESCAVAÇÃO MANUAL DE VALA COM PROFUNDIDADE MENOR OU IGUAL A 1,30 M. AF_02/2021 | D13: M3 | E13: 0.063 | F13: 0 | G13: 89.55
A14: SINAPI | B14: 92802 | C14: CORTE E DOBRA DE AÇO CA-50, DIÂMETRO DE 8,0 MM. AF_06/2022 | D14: KG | E14: 2.212 | F14: 0 | G14: 9.45
A15: SINAPI | B15: 92800 | C15: CORTE E DOBRA DE AÇO CA-60, DIÂMETRO DE 5,0 MM. AF_06/2022 | D15: KG | E15: 1.078 | F15: 0 | G15: 9.65
A16: SINAPI | B16: 103796 | C16: FABRICAÇÃO, MONTAGEM E DESMONTAGEM DE FÔRMA PARA BACIA DE DISSIPAÇÃO, EM MADEIRA SERRADA, E = 25 MM, 2 UTILIZAÇÕES. AF_08/2022 | D16: M2 | E16: 0.84 | F16: 0 | G16: 60.51
A24: _________________________________
A25: Sebastião Barbosa Pinto Filho
A26: CREA/MG Nº: MG 249.547/D

Sheet Memória de Cálculo
A2: MEMÓRIA DE CÁLCULO DE QUANTITATIVOS
A3: PREFEITURA MUNICIPAL DE INHAPIM-MG
A4: ='Planilha Orcamentária'!A4 -> OBRA: CONSTRUÇÃO DE PRAÇA, PARQUINHO E CALÇAMENTO DE RUAS NO NOVO HORIZONTE | E4: FOLHA N º: | F4: 01/01.
A5: ='Planilha Orcamentária'!A5 -> LOCAL: NOVO HORIZONTE - INHAPIM/MG - CEP: 35330-000 | E5: DATA: | F5: 45889
A7: ITEM | B7: CÓDIGO | C7: DESCRIÇÃO | D7: UNIDADE | E7: QUANTIDADE | F7: FÓRMULA DO CÁLCULO
A8: 1 | C8: ='Planilha Orcamentária'!C10 -> SERVIÇOS PRELIMINARES
A9: 1.1 | B9: ='Planilha Orcamentária'!B11 -> SINAPI-103689 | C9: ='Planilha Orcamentária'!C11 -> FORNECIMENTO E COLOCAÇÃO DE PLACA DE OBRA EM CHAPA GALVANIZADA #26, ESP. 0,45MM, DIMENSÃO (3X1,5)M, PLOTADA COM ADESIVO VINÍLICO, AFIXADA COM REBITES 4,8X40MM, EM ESTRUTURA METÁLICA DE METALON 20X20MM, ESP. 1,25MM, INCLUSIVE SUPORTE EM EUCALIPTO AUTOCLAVADO PINTADO COM TINTA PVA DUAS (2) DEMÃOS | D9: ='Planilha Orcamentária'!D11 -> M² | E9: ='Planilha Orcamentária'!E11 -> 1 | F9: placa de obra de acordo com as exisgências do CREA-MG
A10: 2.0 | C10: CALÇAMENTO DE VIA
A11: 2.1 | B11: ED-51124 | C11: REGULARIZAÇÃO E COMPACTAÇÃO MECÂNICA DE TERRENO COM ROLO VIBRATÓRIO, EXCLUSIVE DESMATAMENTO, DESTOCAMENTO, LIMPEZA/ROÇADA DO TERRENO | D11: M² | E11: 639.59 | F11: Somatória total de acordo com o projeto = 639,59 m
A12: 2.2 | B12: ='Planilha Orcamentária'!B14 -> SINAPI-94273 | C12: ='Planilha Orcamentária'!C14 -> ASSENTAMENTO DE GUIA (MEIO-FIO) EM TRECHO RETO, CONFECCIONADA EM CONCRETO PRÉ-FABRICADO, DIMENSÕES 100X15X13X30 CM (COMPRIMENTO X BASE INFERIOR X BASE SUPERIOR X ALTURA), PARA VIAS URBANAS (USO VIÁRIO). AF_06/2016 | D12: M | E12: 191.73 | F12: Somatória dos meios-fios (bordas) = 191,73 m
A13: 2.3 | B13: ='Planilha Orcamentária'!B15 -> SINAPI-92394 | C13: ='Planilha Orcamentária'!C15 -> EXECUÇÃO DE PAVIMENTO EM PISO INTERTRAVADO, COM BLOCO SEXTAVADO DE 25 X 25 CM, ESPESSURA 8 CM. AF_10/2022 | D13: M² | E13: 549.73 | F13: Conforme projeto em AutoCad = 549,73 m²
A14: 2.4 | B14: ='Planilha Orcamentária'!B16 -> SINAPI-94287 | C14: ='Planilha Orcamentária'!C16 -> EXECUÇÃO DE SARJETA DE CONCRETO USINADO, MOLDADA IN LOCO EM TRECHO RETO, 30 CM BASE X 10 CM ALTURA. AF_06/2016 | D14: M | E14: 191.73 | F14: Somatória total de acordo com o projeto = 191,73 m
A15: 2.5 | B15: ='Planilha Orcamentária'!B17 -> SINAPI-95429 | C15: ='Planilha Orcamentária'!C17 -> TRANSPORTE COM CAMINHÃO BASCULANTE DE 18 M³, EM VIA URBANA EM REVESTIMENTO PRIMÁRIO. AF_07/2020 | D15: ='Planilha Orcamentária'!D17 -> TXKM | E15: 5477.94 | F15: Peso do bloquete = (Área do calçamento x espessura do bloquete x massa específica) 1000 x km; Peso do meio-fio = {[(B+b)/2xhxH] x massa específica}/1000 x km; [(549,73x0,08x2400)/1000]x51,90 = 5.477,94 TXKM
A16: 2.6 | B16: ='Planilha Orcamentária'!B18 -> COMPOSIÇÃO-001 | C16: ='Planilha Orcamentária'!C18 -> VIGA EM CONCRETO ARMADO (1,0M) | D16: UNID | E16: 26.62 | F16: Somatório das vigas de travamento = 26,62 m
A17: 2.0 | C17: ='Planilha Orcamentária'!C19 -> PRAÇA NOVO HORIZONTE
A18: ='Planilha Orcamentária'!A20 -> 3.1 | B18: ED-51124 | C18: REGULARIZAÇÃO E COMPACTAÇÃO MECÂNICA DE TERRENO COM ROLO VIBRATÓRIO, EXCLUSIVE DESMATAMENTO, DESTOCAMENTO, LIMPEZA/ROÇADA DO TERRENO | D18: M2 | E18: 383.64 | F18: Somatória total de acordo com o projeto = 383,64 m
A19: ='Planilha Orcamentária'!A21 -> 3.2 | B19: ='Planilha Orcamentária'!B21 -> SINAPI-94273 | C19: ='Planilha Orcamentária'!C21 -> ASSENTAMENTO DE GUIA (MEIO-FIO) EM TRECHO RETO, CONFECCIONADA EM CONCRETO PRÉ-FABRICADO, DIMENSÕES 100X15X13X30 CM (COMPRIMENTO X BASE INFERIOR X BASE SUPERIOR X ALTURA), PARA VIAS URBANAS (USO VIÁRIO). AF_06/2016 | D19: ='Planilha Orcamentária'!D21 -> M | E19: 123.85 | F19: Somatória dos meios-fios (bordas) = 123,85 m
A20: ='Planilha Orcamentária'!A22 -> 3.3 | B20: ='Planilha Orcamentária'!B22 -> SINAPI-92396 | C20: ='Planilha Orcamentária'!C22 -> EXECUÇÃO DE PASSEIO EM PISO INTERTRAVADO, COM BLOCO RETANGULAR COR NATURAL DE 20 X 10 CM, ESPESSURA 6 CM. AF_10/2022 | D20: ='Planilha Orcamentária'!D22 -> M² | E20: 113.05 | F20: Somatória total de acordo com o projeto = 113,05 m
A21: ='Planilha Orcamentária'!A23 -> 3.4 | B21: ='Planilha Orcamentária'!B23 -> SINAPI-92396 | C21: ='Planilha Orcamentária'!C23 -> EXECUÇÃO DE PASSEIO (CALÇADA) OU PISO DE CONCRETO COM CONCRETO MOLDADO IN LOCO, FEITO EM OBRA, ACABAMENTO CONVENCIONAL, ESPESSURA 8CM, ARMADO . AF _ 08/2022 | D21: ='Planilha Orcamentária'!D23 -> M² | E21: 217.85 | F21: Somatória total de acordo com o projeto = 217,85m
A22: ='Planilha Orcamentária'!A24 -> 3.5 | B22: ='Planilha Orcamentária'!B24 -> SINAPI - 101091 | C22: ='Planilha Orcamentária'!C24 -> PISO EM LADRILHO HIDRÁULICO APLICADO EM AMBIENTES EXTERNOS. AF_05/2020 | D22: ='Planilha Orcamentária'!D24 -> M | E22: =E21 -> 217.85 | F22: Somatória total de acordo com o projeto = 217,85m
A23: 3.6 | B23: ='Planilha Orcamentária'!B25 -> SINAPI-94990 | C23: ='Planilha Orcamentária'!C25 -> EXECUÇÃO DE PASSEIO (CALÇADA) OU PISO DE CONCRETO COM CONCRETO MOLDADO IN LOCO, FEITO EM OBRA, ACABAMENTO CONVENCIONAL, NÃO ARMADO. AF_08/2022 | D23: M³ | E23: 11.08 | F23: Conforme projeto em AutoCad = 11,08m³
A24: 3.7 | B24: ='Planilha Orcamentária'!B26 -> SINAPI-95429 | C24: ='Planilha Orcamentária'!C26 -> TRANSPORTE COM CAMINHÃO BASCULANTE DE 18 M³, EM VIA URBANA EM REVESTIMENTO PRIMÁRIO. AF_07/2020 | D24: ='Planilha Orcamentária'!D26 -> TXKM | E24: 3060.35 | F24: Peso do paver = (Área do calçamento x espessura do paver x massa específica) 1000 x km; Peso do meio-fio = {[(B+b)/2xhxH] x massa específica}/1000 x km; [(113,05x0,06x167,5)/1000]x51,90 = 5.477,94 TXKM
A25: 3.8 | B25: ='Planilha Orcamentária'!B27 -> ED-50437 | C25: ='Planilha Orcamentária'!C27 -> PLANTIO DE GRAMA ESMERALDA EM PLACAS, INCLUSIVE TERRAVEGETAL E CONSERVAÇÃO POR TRINTA (30) DIAS | D25: ='Planilha Orcamentária'!D27 -> M² | E25: 41.12 | F25: Somatória total de acordo com o projeto = 41,12m
C29: Sebastião Barbosa Pinto Filho
C30: CREA/MG Nº: MG 249.547/D
C34: Prefeito Municipal de Inhapim-MG
C35: Sandro Adriano Oliveira Silva

Sheet Cronograma
A2: CRONOGRAMA FÍSICO-FINANCEIRO
A3: ='Planilha Orcamentária'!A3 -> PREFEITURA MUNICIPAL DE INHAPIM-MG | C3: VALOR DO CONVÊNIO: | D3: =D14 -> 215219.66 | E3: DATA: | G3: 45889 | I3: FOLHA Nº:01/01
A4: ='Planilha Orcamentária'!A4 -> OBRA: CONSTRUÇÃO DE PRAÇA, PARQUINHO E CALÇAMENTO DE RUAS NO NOVO HORIZONTE | E4: PREVISÃO DE EXECUÇÃO DAS OBRAS: 3 MESES
A5: ='Planilha Orcamentária'!A5 -> LOCAL: NOVO HORIZONTE - INHAPIM/MG - CEP: 35330-000
A6: ITENS | B6: ETAPAS/DESCRIÇÃO | C6: FÍSICO/ FINANCEIRO | D6: TOTAL ETAPAS | E6: MÊS 1 | G6: MÊS 2 | I6: MÊS 3 | K6: MÊS 4
A7: 1.0 | B7: ='Planilha Orcamentária'!C10 -> SERVIÇOS PRELIMINARES | C7: Físico % | D7: =D8/$D$14 -> 0.0066845659 | E7: 1
C8: Financeiro | D8: ='Planilha Orcamentária'!H10 -> 1438.65 | E8: =E7*$D$8 -> 1438.65
A9: 2.0 | B9: ='Planilha Orcamentária'!C12 -> CALÇAMENTO DE VIA | C9: Físico % | D9: =D10/$D$14 -> 0.48756378 | E9: 0.5 | G9: 0.5
C10: Financeiro | D10: ='Planilha Orcamentária'!H12 -> 104933.31 | E10: =E9*$D$10 -> 52466.655 | G10: =G9*$D$10 -> 52466.655
A11: ='Planilha Orcamentária'!A19 -> 3.0 | B11: ='Planilha Orcamentária'!C19 -> PRAÇA NOVO HORIZONTE | C11: Físico % | D11: =D12/$D$14 -> 0.50575166 | E11: 0.6 | G11: 0.2 | I11: 0.2 | K11: 0
C12: Financeiro | D12: ='Planilha Orcamentária'!H19 -> 108847.7 | E12: =E11*$D$12 -> 65308.62 | G12: =G11*$D12 -> 21769.54 | I12: =I11*$D$12 -> 21769.54 | K12: =K11*$D$12 -> 0
A13: TOTAL | C13: Físico % | D13: =D11+D9+D7 -> 1 | E13: =E14/$D$14 -> 0.55391745 | G13: =G14/$D$14 -> 0.34493222 | I13: =I14/$D$14 -> 0.10115033 | K13: =K14/$D$14 -> 0
C14: Financeiro | D14: =D8+D10+D12 -> 215219.66 | E14: =E8+E10+E12 -> 119213.93 | G14: =G8+G10+G12 -> 74236.195 | I14: =I8+I10+I12 -> 21769.54 | K14: =K12 -> 0
I15: Observações:
B18: ='Memória de Cálculo'!C29 -> Sebastião Barbosa Pinto Filho | L18: =SUM(E13:J13) -> 1
B19: ='Memória de Cálculo'!C30 -> CREA/MG Nº: MG 249.547/D | L19: =SUM(E14:K14) -> 215219.66
B22: ='Memória de Cálculo'!C34 -> Prefeito Municipal de Inhapim-MG
B23: ='Memória de Cálculo'!C35 -> Sandro Adriano Oliveira Silva

Sheet Memorial Descritivo
A2: MEMORIAL DESCRITIVO
A3: PREFEITURA MUNICIPAL DE INHAPIM-MG
A4: ='Planilha Orcamentária'!A4 -> OBRA: CONSTRUÇÃO DE PRAÇA, PARQUINHO E CALÇAMENTO DE RUAS NO NOVO HORIZONTE | E4: FOLHA N º: | F4: 01/01.
A5: ='Planilha Orcamentária'!A5 -> LOCAL: NOVO HORIZONTE - INHAPIM/MG - CEP: 35330-000 | E5: DATA: | F5: 45889
A7: ITEM | B7: CÓDIGO | C7: DESCRIÇÃO | D7: DETALHAMENTO
A8: 1.0 | C8: ='Planilha Orcamentária'!C10 -> SERVIÇOS PRELIMINARES
A9: 1.1 | B9: ='Planilha Orcamentária'!B11 -> SINAPI-103689 | C9: ='Planilha Orcamentária'!C11 -> FORNECIMENTO E COLOCAÇÃO DE PLACA DE OBRA EM CHAPA GALVANIZADA #26, ESP. 0,45MM, DIMENSÃO (3X1,5)M, PLOTADA COM ADESIVO VINÍLICO, AFIXADA COM REBITES 4,8X40MM, EM ESTRUTURA METÁLICA DE METALON 20X20MM, ESP. 1,25MM, INCLUSIVE SUPORTE EM EUCALIPTO AUTOCLAVADO PINTADO COM TINTA PVA DUAS (2) DEMÃOS | D9: Para a execução da placa de obras a empresa ganhadora deverá atender a especificação do manual de placa de obra de acordo com a descrição e as especificações do CREA.
A10: 2.0 | C10: ='Planilha Orcamentária'!C12 -> CALÇAMENTO DE VIA
A11: 2.1 | B11: ='Planilha Orcamentária'!B13 -> ED-51124 | C11: ='Planilha Orcamentária'!C13 -> REGULARIZAÇÃO E COMPACTAÇÃO MECÂNICA DE TERRENO COM ROLO VIBRATÓRIO, EXCLUSIVE DESMATAMENTO, DESTOCAMENTO, LIMPEZA/ROÇADA DO TERRENO | D11: Será realizada a regularização do subleito para nivelamento do solo e posteriormente a compactação do solo usando rolo vibratório para melhor coesão do solo.
A12: 2.2 | B12: ='Planilha Orcamentária'!B14 -> SINAPI-94273 | C12: ='Planilha Orcamentária'!C14 -> ASSENTAMENTO DE GUIA (MEIO-FIO) EM TRECHO RETO, CONFECCIONADA EM CONCRETO PRÉ-FABRICADO, DIMENSÕES 100X15X13X30 CM (COMPRIMENTO X BASE INFERIOR X BASE SUPERIOR X ALTURA), PARA VIAS URBANAS (USO VIÁRIO). AF_06/2016 | D12: Serão locadas conforme projeto. Será realizada uma abertura de uma pequena vala de 15 cm de largura e profundidade, na qual, posteriormente serão posicionadas as guias, seguindo o alinhamento e nivelamento de projeto.
A13: 2.3 | B13: ='Planilha Orcamentária'!B15 -> SINAPI-92394 | C13: ='Planilha Orcamentária'!C15 -> EXECUÇÃO DE PAVIMENTO EM PISO INTERTRAVADO, COM BLOCO SEXTAVADO DE 25 X 25 CM, ESPESSURA 8 CM. AF_10/2022 | D13: Será realizada execução de um concreto magro no fundo da vala com a finalidade de fazer a regularização do mesmo a fim de garantir estabilidade dos tubos de concreto que serão instalados
A14: 2.4 | B14: ='Planilha Orcamentária'!B16 -> SINAPI-94287 | C14: ='Planilha Orcamentária'!C16 -> EXECUÇÃO DE SARJETA DE CONCRETO USINADO, MOLDADA IN LOCO EM TRECHO RETO, 30 CM BASE X 10 CM ALTURA. AF_06/2016 | D14: Serão construídas em concreto usinado e bombeado C= 20Mpa , medindo 20cm de largura e espessura de 10 cm, sobre o subleito já previamente preparado, respeitando a declividade do pavimento (i > ou = 3%), para o perfeito escoamento das águas.
A15: 2.5 | B15: ='Planilha Orcamentária'!B17 -> SINAPI-95429 | C15: ='Planilha Orcamentária'!C17 -> TRANSPORTE COM CAMINHÃO BASCULANTE DE 18 M³, EM VIA URBANA EM REVESTIMENTO PRIMÁRIO. AF_07/2020 | D15: Este ítem compete ao transporte de bloquetes e meios-fios até o local da obra tendo em vista que o mesmo é distante de qualquer fábrica de pré moldado. Foi feita uma relação entre o peso dos materiais e a distância média até a fábrica mais próxima.
A16: 2.6 | B16: ='Planilha Orcamentária'!B18 -> COMPOSIÇÃO-001 | C16: ='Planilha Orcamentária'!C18 -> VIGA EM CONCRETO ARMADO (1,0M) | D16: Será realizado todo o processo de escavação, armação das ferragens, montagem e desmontagem das formas e concretagem de acordo com as normas da NBR-6118.Irão abrir valas de 30 cm de profundidade e 15 de largura com o comprimento de meio-fio a meio-fio. Forma em tábuas de madeira para concreto armado, reaproveitamento 2x, incluso montagem e desmontagem. As formas deverão ser executadas em tábuas de madeira serrada de boa qualidade . As amarrações que atravessam as formas deverão ser feitas com espaçamento regular. A armadura não poderá ficar em contato direto com a fôrma, obedecendo-se para isso a distância mínima prevista na NBR-6118 e no projeto estrutural. Deverão ser empregados afastadores de armadura dos tipos "clips" plásticos ou pastilhas de argamassa.
A17: 3.0 | C17: ='Planilha Orcamentária'!C19 -> PRAÇA NOVO HORIZONTE
A18: ='Planilha Orcamentária'!A20 -> 3.1 | B18: ='Planilha Orcamentária'!B20 -> ED-51124 | C18: ='Planilha Orcamentária'!C20 -> REGULARIZAÇÃO E COMPACTAÇÃO MECÂNICA DE TERRENO COM ROLO VIBRATÓRIO, EXCLUSIVE DESMATAMENTO, DESTOCAMENTO, LIMPEZA/ROÇADA DO TERRENO | D18: Será realizada a regularização do subleito para nivelamento do solo e posteriormente a compactação do solo usando rolo vibratório para melhor coesão do solo.
A19: ='Planilha Orcamentária'!A21 -> 3.2 | B19: ='Planilha Orcamentária'!B21 -> SINAPI-94273 | C19: ='Planilha Orcamentária'!C21 -> ASSENTAMENTO DE GUIA (MEIO-FIO) EM TRECHO RETO, CONFECCIONADA EM CONCRETO PRÉ-FABRICADO, DIMENSÕES 100X15X13X30 CM (COMPRIMENTO X BASE INFERIOR X BASE SUPERIOR X ALTURA), PARA VIAS URBANAS (USO VIÁRIO). AF_06/2016 | D19: Serão locadas conforme projeto. Será realizada uma abertura de uma pequena vala de 15 cm de largura e profundidade, na qual, posteriormente serão posicionadas as guias, seguindo o alinhamento e nivelamento de projeto.
A20: ='Planilha Orcamentária'!A22 -> 3.3 | B20: ='Planilha Orcamentária'!B22 -> SINAPI-92396 | C20: ='Planilha Orcamentária'!C22 -> EXECUÇÃO DE PASSEIO EM PISO INTERTRAVADO, COM BLOCO RETANGULAR COR NATURAL DE 20 X 10 CM, ESPESSURA 6 CM. AF_10/2022 | D20: Sobre o leito da rua preparado, serão assentados os blocos de concreto sobre colchão de areia com espessura não inferior a 06cm. Após o assentamento serão rejuntados com pó de pedra ou areia e compactados com placa vibratória.
A21: ='Planilha Orcamentária'!A23 -> 3.4 | B21: ='Planilha Orcamentária'!B23 -> SINAPI-92396 | C21: ='Planilha Orcamentária'!C23 -> EXECUÇÃO DE PASSEIO (CALÇADA) OU PISO DE CONCRETO COM CONCRETO MOLDADO IN LOCO, FEITO EM OBRA, ACABAMENTO CONVENCIONAL, ESPESSURA 8CM, ARMADO . AF _ 08/2022 | D21: A execução inicia-se com a preparação e compactação do subleito, seguida da aplicação de camada de base em brita graduada ou pó de pedra. Instalam-se formas e juntas de dilatação, posicionando-se a armadura no terço médio da espessura. O concreto é lançado, adensado e nivelado por sarrafeamento, recebendo acabamento convencional desempenado. em seguida realiza-se a cura úmida ou química por no mínimo 7 dias, garantindo a resistência e durabilidade, send a área lieada ao tráfego após o tempo adequado de endurecimento.
A22: ='Planilha Orcamentária'!A24 -> 3.5 | B22: ='Planilha Orcamentária'!B24 -> SINAPI - 101091 | C22: ='Planilha Orcamentária'!C24 -> PISO EM LADRILHO HIDRÁULICO APLICADO EM AMBIENTES EXTERNOS. AF_05/2020 | D22: A execução inicia-se coma preparação do subleito e execução do comtrapiso nivelado. Sobre ele aplica-se argamassa de assentamento, garantindo aderência e alinhamento das peças. Os ladrilhos são assentados com juntas uniformes e caimento adequado.
A23: ='Planilha Orcamentária'!A25 -> 3.6 | B23: ='Planilha Orcamentária'!B25 -> SINAPI-94990 | C23: ='Planilha Orcamentária'!C25 -> EXECUÇÃO DE PASSEIO (CALÇADA) OU PISO DE CONCRETO COM CONCRETO MOLDADO IN LOCO, FEITO EM OBRA, ACABAMENTO CONVENCIONAL, NÃO ARMADO. AF_08/2022 | D23: A execução inicia-se com a preparação e compactação do subleito, seguida da aplicação de camada de base em brita graduada ou pó de pedra. Instalam-se formas e juntas de dilatação. O concreto é lançado, adensado e nivelado por sarrafeamento, recebendo acabamento convencional desempenado. em seguida realiza-se a cura úmida ou química por no mínimo 7 dias, garantindo a resistência e durabilidade, send a área lieada ao tráfego após o tempo adequado de endurecimento.
A24: ='Planilha Orcamentária'!A26 -> 3.7 | B24: ='Planilha Orcamentária'!B26 -> SINAPI-95429 | C24: ='Planilha Orcamentária'!C26 -> TRANSPORTE COM CAMINHÃO BASCULANTE DE 18 M³, EM VIA URBANA EM REVESTIMENTO PRIMÁRIO. AF_07/2020 | D24: Este ítem compete ao transporte de bloquetes e meios-fios até o local da obra tendo em vista que o mesmo é distante de qualquer fábrica de pré moldado. Foi feita uma relação entre o peso dos materiais e a distância média até a fábrica mais próxima.
A25: ='Planilha Orcamentária'!A27 -> 3.8 | B25: ='Planilha Orcamentária'!B27 -> ED-50437 | C25: ='Planilha Orcamentária'!C27 -> PLANTIO DE GRAMA ESMERALDA EM PLACAS, INCLUSIVE TERRAVEGETAL E CONSERVAÇÃO POR TRINTA (30) DIAS | D25: A execução inicia-se com prepara~ção do solo com a aplicada de regularização do solo e camada de erra vegetal adequada, seguida da colocação das placas de grama de forma alinhada e nivelada para garantir uniformidade do gramado. Após a implantação, realiza-se a irrigação e manutenção incial, abrangendo adubação, controle de pragas e ervas dainhas, além de tratos culturais necessários. o serviço inclui ainda a conservação e acompanhamento por 30 dias, assegurando o enraizamento e a adaptação da vegetação ao terreno.
C28: Nome do(a) Responsável Técnico(a)
C29: ='Planilha Orcamentária'!C31 -> Sebastião Barbosa Pinto Filho
C30: ='Planilha Orcamentária'!C32 -> CREA/MG Nº: MG 249.547/D
C35: Nome do(a) Prefeito(a) Municipal
C36: ='Memória de Cálculo'!C35 -> Sandro Adriano Oliveira Silva

Sheet BDI
A4: ='Planilha Orcamentária'!A4 -> OBRA: CONSTRUÇÃO DE PRAÇA, PARQUINHO E CALÇAMENTO DE RUAS NO NOVO HORIZONTE
A5: ='Planilha Orcamentária'!A5 -> LOCAL: NOVO HORIZONTE - INHAPIM/MG - CEP: 35330-000
A6: MUNICIPIO: INHAPIM/MG - CEP: 35330-000
A7: DATA: | B7: 45889
B9: DETALHAMENTO DE BDI
B11: ITEM COMPONENTE DO BDI | D11: %
B12: Administração Central | C12: AC | D12: 4.67 | H12: 0.038
B13: Seguro e Garantia | C13: SG | D13: 1.71 | H13: 0.0032
B14: Risco | C14: R | D14: 0.97 | H14: 0.005
B15: Despesas Financeiras | C15: DF | D15: 1 | H15: 0.0102
B16: Lucro | C16: L | D16: 7.53 | H16: 0.0664
B17: Tibutos ( Impostos COFINS, 3% E PIS 0,65) | C17: CP | D17: 7.15 | H17: 0.0365
B18: Tributos (ISS, variável de acordo com o município) | C18: ISS | D18: 3.5 | H18: 0.025
B19: Tributos (Contribuição Previdenciária - 0% ou 4,5%, conforme Lei 12.844/2013 - Desoneração) | C19: CPRB | D19: 0 | H19: 0
A23: BDI = [((1+AC + DF+RE+GA)*(1+DF)*(1+L)) /(1-CP-ISS-CPRB)]-1
C25: BDI= | D25: 0.20090303
C28: BDI = | D28: 0.2443
A39: ___________________________ Sebastião Barbosa Pinto Filho Engenheiro Civil Crea-MG 249.547/D
